 Dungeon Crawl Stone Soup version 0.23.2-40-g277498a001 (webtiles) character file.

Game seed: 16753630342552482660

121 Curus the Twirler (level 4, -1/33 HPs)
             Began as a Demonspawn Gladiator on Oct 9, 2019.
             Killed by divine providence
             ... invoked by an orc priest
              (6 damage)
             ... on level 3 of the Dungeon.
             The game lasted 00:04:47 (1281 turns).

Curus the Twirler (Demonspawn Gladiator)            Turns: 1281, Time: 00:04:48

Health: -1/33      AC:  6    Str: 14    XL:     4   Next: 76%
Magic:  0/4        EV: 12    Int: 10    God:
Gold:   75         SH:  0    Dex: 15    Spells: 3/3 levels left

rFire    + . .     SeeInvis .   a - +2 quarterstaff
rCold    . . .     Gourm    .   (shield currently unavailable)
rNeg     . . .     Faith    .   b - +0 leather armour
rPois    .         Spirit   +   (helmet restricted)
rElec    .         Reflect  .   l - +0 cloak
rCorr    .         Harm     .   (no gloves)
MR       .....                  (no boots)
Stlth    +.........             (no amulet)
HPRegen  0.11/turn              i - ring of protection from fire
MPRegen  0.09/turn              (no ring)

@: lethally poisoned (-1 -> -5)
A: horns 1, molten scales 1, magic shield
a: no special abilities


You were on level 3 of the Dungeon.
You were not hungry.

You visited 1 branch of the dungeon, and saw 3 of its levels.

You collected 75 gold pieces.

Inventory:

Hand Weapons
 a - a +2 quarterstaff (weapon)
Missiles
 d - 3 throwing nets (quivered)
Armour
 b - a +0 leather armour (worn)
 c - a +0 helmet
 l - a +0 cloak (worn)
Jewellery
 i - a ring of protection from fire (left hand)
 j - an uncursed ring of teleportation
Scrolls
 e - a scroll of fog
 h - 2 scrolls of identify
 k - a scroll of remove curse
Potions
 g - a potion of might
Comestibles
 f - 5 rations


   Skills:
 - Level 2.0 Fighting
 + Level 5.1 Staves
 - Level 1.7 Throwing
 - Level 2.6 Dodging


You had 3 spell levels left.
You didn't know any spells.
Your spell library was empty.

Dungeon Overview and Level Annotations

Branches:
Dungeon (3/15)

Altars:


Innate Abilities, Weirdness & Mutations

You have a pair of small horns on your head.
You are partially covered in molten scales. (AC +2)
When hurt, damage is shared between your health and your magic reserves.


Message History

You hit the leopard gecko.
The leopard gecko is almost dead.
The leopard gecko bites you.
You miss the leopard gecko.
The leopard gecko is almost dead.
You feel sick. The leopard gecko bites you.
The orc hits you but does no damage. The orc barely misses you.
You closely miss the leopard gecko.
The leopard gecko is almost dead.
You feel sick. The leopard gecko bites you.
The orc hits you but does no damage. The orc barely misses you.
The leopard gecko misses you.
You feel sick.
The orc priest invokes the aid of Beogh against you.
Beogh smites you!
* * * LOW HITPOINT WARNING * * *
You see here a scorpion corpse.
The orc priest invokes the aid of Beogh against you.
Beogh smites you!
You die...

#.......# ..
#.......##...
#...o......
#......#
##...o.##
#.......#
#...o†o.#
#....l..#
##...@.##
##..<## #####


You could see an orc priest, 3 orcs and a leopard gecko.

Vanquished Creatures
  A scorpion (D:3)
  2 adders (D:2)
  An ooze (D:2)
  A worm (D:2)
  A dart slug (D:1)
  5 giant cockroaches
  2 goblins (D:2)
  6 hobgoblins
  9 jackals
  5 kobolds
  5 bats
  5 frilled lizards
  4 rats
47 creatures vanquished.

Notes
Turn   | Place    | Note
-------+----------+-------------------------------------------
     0 | D:1      | Curus the Demonspawn Gladiator began the quest for the Orb.
     0 | D:1      | Reached XP level 1. HP: 16/16 MP: 1/1
   111 | D:1      | Reached skill level 3 in Staves
   188 | D:1      | Gained mutation: When hurt, damage is shared between your
                  | health and your magic reserves. [demonic ancestry]
   188 | D:1      | Reached XP level 2. HP: 17/22 MP: 2/2
   535 | D:2      | Gained mutation: You are partially covered in molten
                  | scales. (AC +2) [demonic ancestry]
   535 | D:2      | Reached XP level 3. HP: 27/27 MP: 3/3
   659 | D:2      | Reached skill level 4 in Staves
  1001 | D:2      | Gained mutation: You have a pair of small horns on your
                  | head. [demonic ancestry]
  1001 | D:2      | Reached XP level 4. HP: 24/33 MP: 4/4
  1270 | D:3      | Reached skill level 5 in Staves
  1281 | D:3      | Killed from afar by an orc priest

Skill      XL: |  1  2  3  4 |
---------------+-------------+-----
Staves         | 3 4 5 |  5.1
Fighting       | |  2.0
Throwing       | |  1.7
Dodging        | |  2.6

Action                   |  1- 3 |  4- 6 || total
-------------------------+-------+-------++-------
Melee: Quarterstaff      |    96 |    14 ||   110
       Headbutt          |       |     3 ||     3
  Use: Scroll            |     8 |       ||     8
       Potion            |     2 |     1 ||     3
 Stab: Sleeping          |     1 |       ||     1
  Eat: Chunk             |       |     1 ||     1
Armor: Leather armour    |    41 |     6 ||    47
Dodge: Dodged            |    49 |     8 ||    57
